 Dungeon Crawl Stone Soup version 0.25-b1-23-ge2ad7d536c (webtiles) character file.

Game seed: 13144118954268519228, levelgen mode: deterministic

33949 HoaS the Brawler (level 13, 0/91 HPs)
             Began as a Gargoyle Berserker on May 31, 2020.
             Was a High Priest of Trog.
             Slain by a death scarab (20 damage)
             ... in a Gauntlet.
             The game lasted 00:35:20 (15386 turns).

HoaS the Brawler (Gargoyle Berserker)              Turns: 15386, Time: 00:35:21

Health: 0/91       AC: 26    Str: 24    XL:     13   Next: 74%
Magic:  13/13      EV:  9    Int:  9    God:    Trog [*****.]
Gold:   1173       SH:  0    Dex: 10    Spells: 12/12 levels left

rFire    . . .     SeeInvis .     - Unarmed
rCold    . . .     Gourm    .   (no shield)
rNeg     + . .     Faith    .   y - +0 plate armour
rPois    ∞         Spirit   .   F - +1 hat {MR+}
rElec    +         Reflect  .   (no cloak)
rCorr    +         Harm     .   u - +0 pair of gloves
MR       +....     NoTele   +   x - +1 pair of boots
Stlth    ..........             s - amulet of regeneration
HPRegen  0.65/turn              (no ring)
MPRegen  0.13/turn              z - ring of resist corrosion

@: berserk cooldown, starving, slowed, very slow
A: negative energy resistance 1, electricity resistance, unbreathing,
petrification resistance, rot immunity, AC +9
a: Berserk, Trog's Hand, Brothers in Arms, Renounce Religion


You were in a Gauntlet.
You worshipped Trog.
Trog was extremely pleased with you.
You were starving.

You visited 2 branches of the dungeon, and saw 16 of its levels.
You also visited: Gauntlet.

You collected 1173 gold pieces.

Inventory:

Missiles
 n - 71 poisoned darts (quivered)
 q - 4 curare-tipped darts
 C - 3 throwing nets
Armour
 u - a +0 pair of gloves (worn)
 x - a +1 pair of boots (worn)
 y - a +0 plate armour (worn)
 F - a +1 hat of magic resistance (worn)
Jewellery
 d - an uncursed ring of flight
 s - an amulet of regeneration (around neck)
 z - a ring of resist corrosion (right hand)
Wands
 v - a wand of polymorph (14)
 w - a wand of paralysis (14)
 B - a wand of clouds (6)
 D - a wand of acid (27)
Scrolls
 a - 2 scrolls of magic mapping
 e - a scroll of identify
 g - a scroll of blinking
 k - 2 scrolls of remove curse
 m - 4 scrolls of teleportation
Potions
 c - 4 potions of lignification
 f - a potion of might
 h - a potion of invisibility
 i - 2 potions of ambrosia
 j - a potion of mutation
 l - 2 potions of heal wounds
 o - 2 potions of curing
 p - 2 potions of cancellation
 t - a potion of haste
 A - 3 potions of berserk rage
Comestibles
 b - 22 rations


   Skills:
 + Level 14.6 Fighting
 - Level 6.0 Armour
 + Level 5.7 Dodging
 * Level 16.2 Unarmed Combat


You had 12 spell levels left.
You didn't know any spells.
Your spell library was empty.

Dungeon Overview and Level Annotations

Branches:
Dungeon (10/15)            Temple (0/1) D:6            Lair (6/6) D:8
  Swamp (0/4) Lair:3        Snake (0/4) Lair:3        Slime (0/5) Lair:6
Gauntlet (1/1)
    Orc: D:9-12

Altars:
Dithmenos
Gozag
Kikubaaqudgha
Makhleb
Nemelex Xobeh
Qazlal
Uskayaw
Yredelemnul
Jiyva

Shops:
D:8 !

Annotations:
Lair:1 exclusion: 4 oklob plants Gauntlet 11 transporters, exclusion: ice statue


Innate Abilities, Weirdness & Mutations

You are resistant to torment.
Your stone body is resilient. (AC +9)
You are immune to poison.
You resist negative energy. (rN+)
You are resistant to electric shocks. (rElec)
You can survive without breathing.
You are immune to petrification.
You are immune to rotting.


Message History

Your two-headed ogre rages.
The death scarab barely misses you. The death scarab closely misses you.
Your two-headed ogre rages.
The death scarab bites you but does no damage.
Your two-headed ogre rages.
The death scarab barely misses you. The death scarab barely misses you.
There is a transporter here.
The death scarab bites your two-headed ogre!
The death scarab drains your two-headed ogre's vigour!
Your two-headed ogre seems to slow down.
The death scarab bites you but does no damage.
The death scarab bites you!
* * * LOW HITPOINT WARNING * * *
Your two-headed ogre rages.
You punch the death scarab!
The death scarab is heavily damaged.
The death scarab bites you!!
You die...

## ### ### ### ### ### #
##≈###≈###≈###≈###≈###≈###
#≈≈≈#≈≈≈#≈≈≈#≈≈≈#≈≈≈#≈≈≈#≈
#≈.......................
##.#########...#########.
##≈.##.#.#.##.8.#y......#.
#≈≈.#.#.#.#}#...#y.#.#.)#.
##≈.##.#©#O######y.#.#..##
##©#.#.#@#©#©.©#y.#©#.©#©
##..##.#.#s##.8.#y.#.#..#.
##...#.#.#.#!#...#..#.#.:#.
##≈.∩.##.#.#.##.8.#.. ....#.
##≈≈...#########...### #####.
#≈≈≈.8.........#.8.........#.
##≈≈...#########...#########.
##≈.∩.#..3444.#.8.#......^#.
##...#.#.###[#...#.####..#.


You could see a neqoxec, 2 chaos spawn, a death scarab and a friendly two-headed
ogre (summoned, berserk, slow).

Vanquished Creatures
  Gastronok (D:8)
  Harold (D:7)
  Erolcha (D:9)
  Erica (D:8)
  6 death yaks (Lair:5)
  A hydra (Lair:2)
  A tengu warrior (D:6)
  Sonja (Lair:2)
  A spectral death yak (Gauntlet)
  The ghost of Sedillia the Cleaver, a novice NaBe of Trog (D:6)
  4 elephants (Lair:4)
  A black mamba (D:8)
  7 spiny frogs
  Maggie (D:7)
  2 rime drakes
  3 komodo dragons
  A queen bee (Lair:2)
  A polar bear (Lair:4)
  A hornet (D:10)
  Prince Ribbit (D:9)
  5 hippogriffs
  14 dream sheep (Lair:5)
  10 blink frogs
  2 wyverns (D:8)
  A hungry ghost (D:7)
  22 yaks
  A steam dragon (D:10)
  5 basilisks
  2 wraiths
  A naga (Lair:3)
  Edmund (D:4)
  An acid dragon (D:8)
  4 water moccasins
  8 porcupines
  5 sky beasts
  3 orc warriors
  An ice beast (D:8)
  A necrophage (D:6)
  2 black bears
  2 phantoms
  5 ogres
  6 wolves (Lair:3)
  3 centaurs
  The ghost of greedy the Cutter, an amateur DsAr (D:3)
  3 crocodiles
  Blork the orc (D:4)
  6 bullfrogs
  5 scorpions
  26 killer bees
  5 crimson imps
  2 bullfrog zombies
  4 hounds
  3 orc priests
  A centaur skeleton (D:8)
  A jelly (D:10)
  7 orc wizards
  A bullfrog skeleton (D:7)
  An iguana (D:6)
  An iron imp (D:8)
  6 hell rats (Lair:4)
  Terence (D:2)
  9 worker ants
  2 hound zombies
  2 hound skeletons
  10 gnolls
  9 adders
  2 shadow imps (D:5)
  An ooze (D:1)
  An adder zombie (D:9)
  2 worms (D:2)
  A dart slug (D:1)
  4 leopard geckos
  21 orcs
  2 bats
  6 giant cockroaches
  16 goblins
  12 hobgoblins
  14 jackals
  4 quokkas
  4 frilled lizards
  3 kobolds
  A leopard gecko zombie (D:8)
  A quokka zombie (D:6)
  6 rats
350 creatures vanquished.

Vanquished Creatures (others)
  A bush (Lair:1)
  2 plants
3 creatures vanquished.

Grand Total: 353 creatures vanquished

Notes
Turn   | Place    | Note
-------+----------+-------------------------------------------
     0 | D:1      | HoaS the Gargoyle Berserker began the quest for the Orb.
     0 | D:1      | Reached XP level 1. HP: 14/14 MP: 1/1
   123 | D:1      | Reached XP level 2. HP: 19/19 MP: 2/2
   437 | D:1      | Reached XP level 3. HP: 24/24 MP: 3/3
   464 | D:1      | Reached ** piety under Trog
   894 | D:2      | Reached skill level 4 in Unarmed Combat
  1003 | D:2      | Reached XP level 4. HP: 24/29 MP: 4/4
  1209 | D:2      | Noticed Terence
  1232 | D:2      | Killed Terence
  1302 | D:2      | Reached XP level 5. HP: 32/34 MP: 5/5
  1497 | D:2      | Found a shadowy altar of Dithmenos.
  1501 | D:2      | Reached skill level 5 in Unarmed Combat
  2160 | D:3      | Found a runed translucent door.
  2160 | D:3      | Noticed greedy's ghost (amateur DsAr)
  2296 | D:3      | Found a sparkling altar of Nemelex Xobeh.
  2393 | D:3      | Killed greedy's ghost
  2393 | D:3      | Reached skill level 5 in Fighting
  2393 | D:3      | Reached XP level 6. HP: 34/40 MP: 6/6
  2501 | D:4      | Reached skill level 6 in Unarmed Combat
  2508 | D:4      | Reached *** piety under Trog
  2744 | D:4      | Noticed Edmund
  2749 | D:4      | Reached XP level 7. HP: 36/44 MP: 7/7
  2765 | D:4      | Killed Edmund
  2768 | D:4      | Reached skill level 7 in Unarmed Combat
  2918 | D:4      | Noticed Blork the orc
  2952 | D:4      | Killed Blork the orc
  3434 | D:5      | Entered Level 5 of the Dungeon
  3475 | D:5      | Reached XP level 8. HP: 51/52 MP: 8/8
  3626 | D:5      | Reached skill level 8 in Unarmed Combat
  4425 | D:6      | Found a staircase to the Ecumenical Temple.
  4505 | D:6      | Found a runed translucent gate.
  4505 | D:6      | Found a runed translucent gate.
  4505 | D:6      | Found a runed translucent gate.
  4505 | D:6      | Found an opulent altar of Gozag.
  4506 | D:6      | Noticed Sedillia's ghost (novice NaBe)
  4506 | D:6      | Noticed a tengu warrior
  4525 | D:6      | Found an ancient bone altar of Kikubaaqudgha.
  4547 | D:6      | Reached **** piety under Trog
  4590 | D:6      | Reached skill level 9 in Unarmed Combat
  4731 | D:6      | Found a basalt altar of Yredelemnul.
  5064 | D:7      | Found a hide-covered altar of Uskayaw.
  5064 | D:7      | Found a basalt altar of Yredelemnul.
  5064 | D:7      | Found an ancient bone altar of Kikubaaqudgha.
  5248 | D:7      | Reached XP level 9. HP: 54/58 MP: 9/9
  5480 | D:7      | Reached skill level 10 in Unarmed Combat
  5581 | D:7      | Noticed Maggie
  5594 | D:7      | Killed Maggie
  5721 | D:7      | Noticed Harold
  5741 | D:7      | Killed Harold
  5741 | D:7      | Reached skill level 11 in Unarmed Combat
  6094 | D:8      | Noticed Gastronok
  6123 | D:8      | Killed Gastronok
  6123 | D:8      | Reached skill level 10 in Fighting
  6123 | D:8      | Reached skill level 12 in Unarmed Combat
  6123 | D:8      | Reached XP level 10. HP: 68/68 MP: 10/10
  6649 | D:8      | Found a staircase to the Lair.
  6715 | D:8      | Noticed Erica
  6737 | D:8      | Killed Erica
  6832 | D:8      | Found Xugy's Distillery.
  6935 | D:8      | Reached XP level 11. HP: 43/76 MP: 11/11
  7159 | D:8      | Found a burning altar of Makhleb.
  7192 | D:9      | Reached ***** piety under Trog
  7539 | D:9      | Noticed Prince Ribbit
  7549 | D:9      | Killed Prince Ribbit
  7555 | D:9      | Noticed Erolcha
  7560 | D:9      | Killed Erolcha
  7942 | D:6      | Killed a tengu warrior
  7955 | D:6      | Killed Sedillia's ghost
  8139 | D:10     | Entered Level 10 of the Dungeon
  8149 | D:10     | Reached skill level 13 in Unarmed Combat
  8444 | D:10     | Reached skill level 5 in Armour
  8609 | D:10     | Found a stormy altar of Qazlal.
  8936 | Lair:1   | Entered Level 1 of the Lair of Beasts
  9301 | Lair:1   | Reached XP level 12. HP: 76/84 MP: 12/12
  9472 | Lair:1   | Received a gift from Trog
 10268 | Lair:2   | Reached skill level 14 in Unarmed Combat
 10317 | Lair:2   | Noticed Sonja
 10328 | Lair:2   | Killed Sonja
 10655 | Lair:2   | Noticed a six-headed hydra
 10667 | Lair:2   | Killed a six-headed hydra
 12033 | Lair:3   | Found a staircase to the Snake Pit.
 12485 | Lair:3   | Found a staircase to the Swamp.
 12807 | Lair:4   | Reached skill level 15 in Unarmed Combat
 13423 | Lair:4   | Reached XP level 13. HP: 90/90 MP: 13/13
 14399 | Lair:5   | Reached skill level 5 in Dodging
 14697 | Lair:5   | Reached skill level 16 in Unarmed Combat
 14757 | Lair:5   | Found a burning altar of Makhleb.
 15077 | Lair:6   | Entered Level 6 of the Lair of Beasts
 15100 | Lair:6   | Found a staircase to the Slime Pits.
 15101 | Lair:6   | Found a viscous altar of Jiyva.
 15113 | Lair:6   | Found a gate leading to a gauntlet.
 15122 | Gauntlet | Entered a Gauntlet
 15122 | Gauntlet | Found a transporter.
 15122 | Gauntlet | Found a transporter.
 15140 | Gauntlet | Found a transporter.
 15144 | Gauntlet | Found a transporter.
 15155 | Gauntlet | Found a transporter.
 15156 | Gauntlet | Found a transporter.
 15164 | Gauntlet | Found a transporter.
 15180 | Gauntlet | Found a transporter.
 15194 | Gauntlet | Found a transporter.
 15198 | Gauntlet | Found a transporter.
 15206 | Gauntlet | Found a transporter.
 15210 | Gauntlet | Found a transporter.
 15386 | Gauntlet | Slain by a death scarab

Illustrated notes

Levels and vault maps discovered:
D:1:      co_arrival_square_in_a_square_in_a_square, layout_basic, minivault_14
D:2:      layout_basic, nicolae_dithmenos_through_a_glass_darkly,
          minmay_distorted, uniq_terence
D:3:      layout_basic, nemelex_altar_shiori, first_ration,
          hellmonk_ghost_happy_afterlife, minmay_misc_feat_roman
D:4:      minmay_evil_eye, layout_cave_pools, minmay_ogre_servants,
          uniq_blork_the_orc, uniq_edmund
D:5:      layout_basic
D:6:      layout_rooms, minmay_temple_entry_glass, ebering_ghost_gozag,
          basic_altar, yredelemnul_altar_generic
D:7:      layout_basic, chequers_temple_overflow_statue_of_worship, uniq_maggie,
          uniq_harold
D:8:      layout_basic, makhleb_grotto_becter, lair_entry_dummy, serial_shops,
          shop_statue, grunt_ogre_cave, minmay_small_thing, uniq_gastronok,
          uniq_erica
D:9:      layout_rooms, uniq_erolcha, uniq_prince_ribbit1
D:10:     layout_basic, nicolae_qazlal_style_of_elements
Lair:1:   minmay_lair_oklob_tunnel, layout_chaotic_city
Lair:2:   layout_misc_corridors, special_room [special_room_bee], uniq_sonja
Lair:3:   layout_misc_corridors, swamp_mist, guppyfry_snake_entry_island
Lair:4:   layout_cave_pods
Lair:5:   layout_regular_city, basic_altar, beast_lair_carwin_3
Lair:6:   grunt_lair_end_beastmaster, layout_layer_cave, slime_altar_1,
          special_room [special_room_mythical_zoo], gauntlet_entry_generic,
          serial_bayou_shore_a
Gauntlet: minmay_gauntlet_77_indecision [minmay_gauntlet_arena_77_checkered,
          minmay_gauntlet_arena_77_block_sizes,
          minmay_gauntlet_arena_77_chump_sandwich, minmay_gauntlet_arena_77_box,
          minmay_gauntlet_arena_77_mess,
          minmay_gauntlet_arena_77_terracotta_army, gauntlet_exit_spiral]

Skill      XL: |  1  2  3  4  5  6  7  8  9 10 11 12 13 |
---------------+----------------------------------------+-----
Unarmed Combat | 4 5 6 7 9 12 13 15 16 | 16.2
Fighting       | 4 5 6 7 10 12 13 14 | 14.6
Armour         | 6 |  6.0
Dodging        | 4 5 |  5.7

Action                   |  1- 3 |  4- 6 |  7- 9 | 10-12 | 13-15 || total
-------------------------+-------+-------+-------+-------+-------++-------
Melee: Unarmed           |   101 |   219 |   475 |   656 |   249 ||  1700
       Punch             |     1 |     2 |     4 |    36 |    12 ||    55
Invok: Berserk           |     1 |     1 |     2 |     3 |     2 ||     9
       Trog's Hand       |       |       |       |     2 |     1 ||     3
       Brothers in Arms  |       |       |       |     2 |     1 ||     3
Evoke: Wand              |       |       |       |     7 |       ||     7
  Use: Scroll            |       |       |       |    28 |     5 ||    33
 Stab: Paralysed         |       |       |       |     2 |       ||     2
  Eat: Chunk             |       |     8 |    10 |    24 |     8 ||    50
       Ration            |       |       |     1 |     1 |       ||     2
Armor: Scale mail        |    36 |   104 |     5 |       |       ||   145
       Ring mail         |     2 |       |       |       |       ||     2
       Plate armour      |       |       |   280 |   497 |   140 ||   917
Dodge: Dodged            |    57 |    95 |   129 |   291 |    67 ||   639
